 Dungeon Crawl Stone Soup version 0.32-a0-292-g751ec8d2e7 (webtiles) character file.

Game seed: 9352695263340948353

11553 Conn the Destroyer (level 11, -22/61 HPs)
             Began as an Octopode Fire Elementalist on Feb 14, 2024.
             Was a Priest of Sif Muna.
             Hit by a large rock thrown by a cyclops (33 damage)
             ... on level 12 of the Dungeon.
             The game lasted 00:32:30 (13449 turns).

Conn the Destroyer (Octopode Fire Elementalist)    Turns: 13449, Time: 00:32:31

Health: -22/61     AC:  4    Str:  7    XL:     11   Next: 79%
Magic:  11/23      EV: 15    Int: 28    God:    Sif Muna [***...]
Gold:   490        SH:  0    Dex: 13    Spells: 1/26 levels left

rFire   + . .        d - +3 Elemental Staff {ele, rElec rF+ rC+ AC+3}
rCold   + . .        (no shield)
rNeg    . . .        (helmet restricted)
rPois   +            D - amulet of regeneration
rElec   +            u - +6 ring of intelligence
rCorr   .            j - ring of poison resistance
SInv    .            (no ring)
Will    .....        (no ring)
Stlth   ++++         (no ring)
HPRegen 1.10/turn    (no ring)
MPRegen 0.18/turn    (no ring)
                     (no ring)

%: no passive effects
@: channelling, on blink cooldown, very slightly contaminated
A: almost no armour, amphibious, 8 rings, camouflage 1, gelatinous body 1,
(nimble swimmer 1), tentacles
a: Renounce Religion, Channel Magic, Forget Spell


You were on level 12 of the Dungeon.
You worshipped Sif Muna.
Sif Muna was most pleased with you.
You visited 2 branches of the dungeon, and saw 14 of its levels.

You collected 490 gold pieces.

Inventory:

Hand Weapons
 d - the +3 Elemental Staff (weapon) {ele, rElec rF+ rC+ AC+3}
   (You acquired it on level 9 of the Dungeon)

   AC+3:      It affects your AC (+3).
   rF+:       It protects you from fire.
   rC+:       It protects you from cold.
   rElec:     It insulates you from electricity.
 f - a +3 short sword of venom
 z - a +3 rapier
Missiles
 E - 6 curare-tipped darts
Armour
 G - a +0 kite shield
Magical Staves
 A - a staff of conjuration
Jewellery
 j - a ring of poison resistance (right tentacle)
 u - a +6 ring of intelligence (left tentacle)
 D - an amulet of regeneration (around mantle)
Wands
 p - a wand of iceblast (4)
 x - a wand of mindburst (16)
 y - a wand of charming (5)
 C - a wand of flame (33)
Scrolls
 c - 3 scrolls of immolation
 g - a scroll of fear
 n - a scroll of silence
 o - 2 scrolls of enchant armour
 q - 2 scrolls of teleportation
 t - 2 scrolls of poison
 B - 2 scrolls of fog {unknown}
 F - a scroll of noise
Potions
 a - 3 potions of magic
 b - 4 potions of heal wounds {unknown}
 e - a potion of berserk rage
 h - 2 potions of haste {unknown}
 i - 2 potions of mutation
 k - a potion of curing {unknown}
 l - a potion of cancellation {unknown}
 m - a potion of enlightenment {unknown}
 r - a potion of attraction {unknown}
 v - a potion of might {unknown}
 w - a potion of degeneration {unknown}


   Skills:
 + Level 6.4 Dodging
 - Level 7.0 Stealth
 * Level 2.1 Shields
 * Level 8.1 Spellcasting
 * Level 8.5 Conjurations
 - Level 3.7 Hexes
 * Level 8.1 Fire Magic
 + Level 4.1 Air Magic
 + Level 1.2 Earth Magic
 * Level 6.8 Invocations


You had one spell level left.
You knew the following spells:

 Your Spells              Type           Power      Damage    Failure   Level
a - Foxfire               Conj/Fire      100%       2x1d9     1%          1
b - Scorch                Fire           100%       2d9       1%          2
c - Inner Flame           Hex/Fire       61%        N/A       1%          3
d - Flame Wave            Conj/Fire      72%        2d16      1%          4
e - Starburst             Conj/Fire      36%        6d11      24%         6
f - Swiftness             Air            51%        N/A       2%          3
g - Blink                 Tloc           22%        N/A       8%          2
h - Brom's Barrelling Bo  Conj/Erth      55%        2d7       6%          4

Your spell library contained the following spells:

 Spells                   Type           Power      Damage    Failure   Level
 Magic Dart               Conj           100%       1d8       1%          1
 Shock                    Conj/Air       100%       1d9       1%          1
 Sandblast                Erth           54%        2d13      3%          1
 Dazzling Flash           Conj/Hex       92%        N/A       1%          3
 Stone Arrow              Conj/Erth      100%       3d13      1%          3
 Volatile Blastmotes      Fire/Tloc      100%       2d18      2%          3
 Tukima's Dance           Hex            32%        N/A       3%          3
 Call Imp                 Summ           22%        N/A       8%          2
 Sublimation of Blood     Necr           11%        N/A       8%          2
 Passwall                 Erth           27%        N/A       9%          3
 Airstrike                Air            25%        2d(4-20)  9%          4
 Vampiric Draining        Necr           11%        2d6       14%         3
 Olgreb's Toxic Radiance  Alch           11%        N/A       43%         4
 Passage of Golubria      Tloc           11%        N/A       43%         4
 Yara's Violent Unravell  Hex/Alch       10%        3d6       54%         5
 Haunt                    Necr/Summ      5%         N/A       100%        7
 Ozocubu's Refrigeration  Ice            8%         4d9       100%        7
 Discord                  Hex            16%        N/A       100%        8
 Maxwell's Capacitive Co  Air            25%        ∞         100%        8


Dungeon Overview and Level Annotations

Branches:
Dungeon (13/15)            Temple (1/1) D:7            Lair (0/5) D:8
    Orc (0/2) D:10
 Vaults: D:13-14

Altars:
Ashenzari
Cheibriados
Dithmenos
Elyvilon
Fedhas
Gozag
Hepliaklqana
Kikubaaqudgha
Makhleb
Nemelex Xobeh
Okawaru
Qazlal
Ru
Sif Muna
Trog
Uskayaw
Vehumet
Wu Jian
Xom
Yredelemnul
Zin
The Shining One

Annotations:
D:10 3 runed translucent doors, makewrite's ghost, journeyman MiFi


Innate Abilities, Weirdness & Mutations

You cannot wear most types of armour.
You are amphibious.
You can wear up to eight rings at the same time.
Your skin changes colour to match your surroundings (Stealth+).
Your rubbery body absorbs attacks. (AC +1, EV +1)
((You are camouflaged when in or above water. (Stealth+)))
You have tentacles for arms and can constrict up to eight enemies at once.


Message History

Casting: Starburst (quite dangerous; 24% risk of failure)
Confirm with . or Enter, or press ? or * to list all spells.
Okay, then.
Unknown command.
Unknown command.
Casting: Starburst (quite dangerous; 24% risk of failure)
Confirm with . or Enter, or press ? or * to list all spells.
You feel a surge of power!
Flames lash the red ugly thing.
The red ugly thing resists.
Flame seeps out of the red ugly thing.
The red ugly thing is severely wounded.
The red ugly thing's fire resistance burns away.
The red ugly thing is engulfed in blazing flames.
Flame seeps out of the red ugly thing.
The red ugly thing kicks you.
You are engulfed in flames!
You resist.
Unknown command.
Unknown command.
Unknown command.
Unknown command.
Casting: Scorch (safe; 1% risk of failure)
Confirm with . or Enter, or press ? or * to list all spells.
You blink.
The red ugly thing is engulfed in blazing flames.
Flame seeps out of the red ugly thing.
The red ugly thing completely misses you.
The cyclops throws a large rock.
The large rock hits you!!
* * * LOW HITPOINT WARNING * * *
Okay, then.
Unknown command.
Okay, then.
Okay, then.
Unknown command.
Unknown command.
Unknown command.
Unknown command.
The red ugly thing is engulfed in blazing flames.
Sif Muna accepts your kill.
The red ugly thing explodes!
The cyclops throws a large rock.
The large rock hits you!!
Ouch! That really hurt!
You die...

*,,,,,,,,**,,,,,*
,,,*,,,,,,,,,,,**
,,,*,,,,,,,,,,,*
**+###...##..######
**,###...###+###..##
,,,......#....>....#
,,,......#.........#
***.##.########...##
**#+##.####.####@###
,,#.....#...#....§§#
,,#....)'...C...§°§#
.*#....###..##..§§##
.##....###..#######
..#.....+....######
..'9....#....######
###.##.[###########
**#+##?.##....(####


You could see a cyclops.

Vanquished Creatures
  A hydra (D:10)
  A boulder beetle (D:11)
  2 two-headed ogres
  A tengu warrior (D:10)
  Pikel (D:9)
  An ugly thing (D:12)
  A cyclops (D:10)
  Maggie (D:6)
  A gargoyle (D:12)
  A kobold demonologist (D:9)
  2 wraiths
  2 shadows (D:11)
  2 wyverns
  6 yaks (D:10)
  A steam dragon (D:9)
  Duvessa (D:7)
  2 ice beasts
  A black bear (D:8)
  2 orc warriors
  An ogre (D:4)
  A boggart (D:10)
  A lemure (D:9)
  10 centaurs
  3 kobold brigands (D:8)
  A gnoll sergeant (D:10)
  5 scorpions
  4 bullfrogs
  3 wights (D:9)
  Dowan (D:7)
  A burial acolyte (D:8)
  22 killer bees
  2 howler monkeys (D:9)
  A vampire bat (D:5)
  7 electric eels (D:11)
  8 orc priests
  3 hounds
  A jelly (D:4)
  A gnoll bouda (D:8)
  A sleepcap (D:5)
  3 iguanas (D:5)
  5 orc wizards
  2 hound zombies (D:8)
  7 gnolls
  6 adders
  3 shadow imps
  A white imp (D:7)
  An adder zombie (D:8)
  6 dart slugs
  3 fire bats (D:5)
  26 orcs
  2 spectral bats (D:5)
  7 ball pythons
  12 bats
  3 bat skeletons (D:5)
  A bat zombie (D:5)
  11 endoplasms
  5 giant cockroaches
  3 gnoll zombies (D:8)
  5 goblins
  6 hobgoblins
  2 jackals (D:1)
  2 quokkas
  A bat simulacrum (D:5)
  3 frilled lizards (D:1)
  17 kobolds
  A kobold zombie (D:8)
  6 rats
  A boulder (D:10)
258 creatures vanquished.

Vanquished Creatures (collateral kills)
  2 boulders
2 creatures vanquished.

Vanquished Creatures (others)
  A boulder (D:12)
  461 foxfires
462 creatures vanquished.

Grand Total: 722 creatures vanquished

Notes
Turn   | Place    | Note
-------+----------+-------------------------------------------
     0 | D:1      | Conn the Octopode Fire Elementalist began the quest for the
                  | Orb.
     0 | D:1      | Reached XP level 1. HP: 11/11 MP: 3/3
    67 | D:1      | Reached XP level 2. HP: 17/17 MP: 0/5
    73 | D:1      | Learned a level 2 spell: Scorch
   331 | D:1      | Reached XP level 3. HP: 21/21 MP: 2/6
   335 | D:1      | Learned a level 3 spell: Inner Flame
  1326 | D:1      | Reached XP level 4. HP: 27/27 MP: 4/7
  2151 | D:2      | Reached skill level 1 in Hexes
  2654 | D:3      | Found a white marble altar of Elyvilon.
  2734 | D:3      | Found a faded altar of an unknown god.
  2856 | D:3      | Reached XP level 5. HP: 26/31 MP: 5/9
  3125 | D:3      | Found an iron altar of Okawaru.
  3364 | D:3      | Found a shimmering altar of Xom.
  3735 | D:4      | Noticed an ogre
  3743 | D:4      | Killed an ogre
  3744 | D:4      | Reached XP level 6. HP: 36/36 MP: 4/10
  3802 | D:4      | Learned a level 4 spell: Flame Wave
  4971 | D:5      | Entered Level 5 of the Dungeon
  5300 | D:5      | Reached XP level 7. HP: 13/41 MP: 0/12
  5989 | D:5      | Reached skill level 5 in Stealth
  6530 | D:6      | Reached XP level 8. HP: 34/46 MP: 6/14
  6669 | D:6      | Found a glowing silver altar of Zin.
  6885 | D:6      | Noticed Maggie
  6894 | D:6      | Killed Maggie
  6895 | D:6      | Reached skill level 5 in Spellcasting
  6895 | D:6      | Reached skill level 5 in Conjurations
  7133 | D:6      | Found a sacrificial altar of Ru.
  7136 | D:6      | Found a stormy altar of Qazlal.
  7270 | D:7      | Reached XP level 9. HP: 32/51 MP: 11/17
  7432 | D:7      | Found a staircase to the Ecumenical Temple.
  7442 | Temple   | Entered the Ecumenical Temple
  7462 | Temple   | Became a worshipper of Sif Muna the Loreminder
  7557 | D:7      | Reached skill level 5 in Fire Magic
  7557 | D:7      | Reached skill level 1 in Invocations
  7723 | D:7      | Noticed Dowan
  7732 | D:7      | Learned a level 6 spell: Starburst
  7732 | D:7      | Noticed Duvessa
  7737 | D:7      | Killed Duvessa
  7745 | D:7      | Killed Dowan
  8082 | D:7      | Found a radiant altar of Vehumet.
  8247 | D:7      | Learned a level 3 spell: Swiftness
  8897 | D:8      | Found an ancient bone altar of Kikubaaqudgha.
  9284 | D:8      | Reached * piety under Sif Muna
  9286 | D:8      | Reached skill level 1 in Air Magic
  9407 | D:8      | Reached skill level 5 in Dodging
  9520 | D:8      | Found a staircase to the Lair.
  9543 | D:8      | Noticed a two-headed ogre
  9547 | D:8      | Killed a two-headed ogre
  9548 | D:8      | Reached XP level 10. HP: 40/56 MP: 8/19
 10424 | D:9      | Identified a scroll of acquirement
 10425 | D:9      | Acquired the +3 Elemental Staff {ele, rElec rF+ rC+ AC+3}
 10425 | D:9      | Found the +3 Elemental Staff {ele, rElec rF+ rC+ AC+3}
 10519 | D:9      | Reached ** piety under Sif Muna
 10621 | D:9      | Got the Textbook on Convocation and Rot
 10708 | D:9      | Noticed Pikel
 10713 | D:9      | Killed Pikel
 11118 | D:9      | Noticed a kobold demonologist
 11122 | D:9      | Reached skill level 5 in Invocations
 11126 | D:9      | Killed a kobold demonologist
 11547 | D:10     | Entered Level 10 of the Dungeon
 11572 | D:10     | Reached XP level 11. HP: 52/61 MP: 0/22
 11745 | D:10     | Noticed a four-headed hydra
 11758 | D:10     | Noticed a tengu warrior
 11767 | D:10     | Found a staircase to the Orcish Mines.
 11778 | D:10     | Noticed a cyclops
 11798 | D:10     | Killed a cyclops
 11815 | D:10     | Killed a four-headed hydra
 12530 | D:10     | Killed a tengu warrior
 12636 | D:10     | Found a runed translucent gate.
 12636 | D:10     | Found a runed translucent gate.
 12636 | D:10     | Found a runed translucent gate.
 12640 | D:10     | Learned a level 2 spell: Blink
 12645 | D:10     | Learned a level 4 spell: Brom's Barrelling Boulder
 12645 | D:10     | Noticed makewrite's ghost (journeyman MiFi)
 12713 | D:10     | Noticed a two-headed ogre
 12713 | D:10     | Noticed a two-headed ogre
 12719 | D:10     | Killed a two-headed ogre
 12719 | D:10     | Reached *** piety under Sif Muna
 12835 | D:11     | Reached skill level 1 in Shields
 12895 | D:11     | Noticed a boulder beetle
 13146 | D:11     | Killed a boulder beetle
 13147 | D:11     | Reached skill level 1 in Earth Magic
 13383 | D:11     | You fall into a shaft and drop 2 floors!
 13422 | D:12     | Noticed a red ugly thing
 13426 | D:12     | Noticed a cyclops
 13449 | D:12     | Killed a red ugly thing
 13449 | D:12     | Hit by a large rock thrown by a cyclops

Illustrated notes

Levels and vault maps discovered:
D:1:      matt_arrival_refuge, layout_basic
D:2:      layout_basic
D:3:      layout_basic, nicolae_elyvilon_peaceful_grove,
          mainiacjoe_overflow_alcove_2, mainiacjoe_overflow_alcove_1,
          basic_ecumenical_altar
D:4:      layout_layer_cave
D:5:      layout_gridville, goddamned_bats
D:6:      layout_rooms, gammafunk_temple_overflow_statue, lemuel_crystal_altar,
          uniq_maggie
D:7:      layout_loops_cross, vehumet_crystals, temple_green, serial_rivers,
          chequers_serial_rivers_marsh, chequers_serial_rivers_small_3,
          chequers_serial_rivers_micro_e, chequers_serial_rivers_small_a,
          chequers_serial_rivers_room_b, kennysheep_another_room, uniq_duvessa
D:8:      layout_basic, regret_index_kikubaaqudgha_part_by_part,
          lair_entry_dummy
D:9:      layout_small_grid, uniq_pikel
D:10:     layout_long_grid, orc_0_dummy, gammafunk_ghost_nasty_kobolds,
          minmay_misc_feat_doors, chequers_avenue,
          ebering_dispersal_statue_hall, kennysheep_cluttered_room,
          hangedman_abyss_or_decor_stabs, minivault_20,
          nicolae_phantomly_mirrored
D:11:     layout_basic, special_room [special_room_orc], nicolae_water_bricks
D:12:     layout_gridville, serial_shops, bzr_entry_dummy
D:13:     layout_cave_pools, david_vaults_2, serial_ice, serial_ice_o,
          serial_ice_a, serial_ice_c, serial_ice_h, serial_ice_f, serial_ice_j,
          grunt_decor_clamped, uniq_rupert
Temple:   nicolae_temple_bog_church

Skill      XL: |  1  2  3  4  5  6  7  8  9 10 11 |
---------------+----------------------------------+-----
Stealth        | 3 4 5 6 7 |  7.0
Conjurations   | 2 3 4 5 6 7 8 |  8.5
Hexes          | 1 2 3 |  3.7
Dodging        | 3 4 5 6 |  6.4
Spellcasting   | 3 4 5 6 7 8 |  8.1
Fire Magic     | 4 6 7 8 |  8.1
Invocations    | 3 5 6 |  6.8
Air Magic      | 1 3 4 |  4.1
Shields        | 2 |  2.1
Earth Magic    | 1 |  1.2

Action                     |  1- 3 |  4- 6 |  7- 9 | 10-12 || total
---------------------------+-------+-------+-------+-------++-------
  Melee: Unarmed           |     3 |       |       |       ||     3
         Constrict         |     2 |     6 |     9 |     3 ||    20
         Tentacles         |     1 |     4 |     6 |     5 ||    16
         Short sword       |     1 |    16 |    26 |       ||    43
         Staff             |       |       |     8 |    31 ||    39
   Cast: Foxfire           |    58 |    80 |    90 |   140 ||   368
         Scorch            |       |    13 |    27 |    45 ||    85
         Inner Flame       |       |     1 |     5 |    14 ||    20
         Flame Wave        |       |       |    11 |    13 ||    24
         Brom's Barrelling |       |       |       |     5 ||     5
         Blink             |       |       |       |     3 ||     3
         Swiftness         |       |       |       |     1 ||     1
         Starburst         |       |       |       |     1 ||     1
 Invoke: Channel Magic     |       |       |       |     2 ||     2
  Evoke: Wand              |       |       |     2 |     1 ||     3
    Use: Scroll            |       |       |    11 |     8 ||    19
         Potion            |       |       |       |     1 ||     1
   Stab: Sleeping          |       |     3 |     7 |       ||    10
         Distracted        |       |       |     2 |       ||     2
 Armour: Skin              |     2 |    12 |    53 |    63 ||   130
  Dodge: Dodged            |     1 |    15 |    48 |    63 ||   127

Table legend: (Time is in decaauts)
 A = Elapsed time spent in this place.
 B = Non-inter-level travel time spent in this place.
 C = Inter-level travel time spent in this place.
 D = Time resting spent in this place.
 E = Time spent auto-exploring this place.
 F = Levels seen in this place.
 G = Mean time per level.
                   A        B        C        D        E       F      G
               +--------+--------+--------+--------+--------+-----+--------+
         Total |  13474 |  12975 |    499 |    800 |  10016 |  14 |  962.4 |
       Dungeon |  13430 |  12950 |    480 |    800 |  10016 |  13 | 1033.1 |
        Temple |     43 |     24 |     19 |      0 |      0 |   1 |   43.0 |
               +--------+--------+--------+--------+--------+-----+--------+

Top non-repeatable levels by time:
     D:5: 1564 daAuts
     D:1: 1548 daAuts
     D:7: 1519 daAuts
     D:4: 1490 daAuts
     D:8: 1420 daAuts
    D:10: 1196 daAuts
     D:9: 1129 daAuts
     D:3: 1033 daAuts
     D:2: 1009 daAuts
     D:6: 809 daAuts
    D:11: 642 daAuts
    D:12: 54 daAuts
  Temple: 43 daAuts
    D:13: 12 daAuts
